Map: Deathaura LE

Players

TeebuL

  • Race: Protoss Protoss
  • Spawn Location: 11:00

Seither - Winner!

  • Race: Terran Terran
  • League: Grandmaster
  • Spawn Location: 5:00

Event: DreamHack SC2 Masters 2020 Winter

VOD

Have the link to the VOD?

Description

Time

  • Played on: Oct. 23, 2020, 6:47 a.m.
  • Length: 13:00

All games in this series

Show
View Real Time Build Order
Export as new Build Order

TeebuL Protoss 

Build Orders: Oracle Opening 

Get SALT Encoding   

  12  0:00  Probe  
  13  0:12  Probe  
  14  0:17  Pylon  
  14  0:24  Probe (Chrono Boost)  
  16  0:36  Probe (Chrono Boost)  
  16  0:38  Gateway  
  16  0:42  Probe (Chrono Boost)  
  16  0:48  Assimilator  
  17  0:55  Probe  
  18  1:07  Probe  
  19  1:20  Probe  
  20  1:28  Cybernetics Core  
  20  1:32  Probe  
  21  1:34  Zealot  
  21  1:37  Pylon  
  21  1:38  Assimilator  
  23  1:47  Assimilator  
  23  1:55  Probe  
  23  2:02  Adept (Chrono Boost)  
  23  2:07  Probe  
  26  2:10  Pylon  
  26  2:19  Probe  
  26  2:22  Stargate  
  27  2:25  Adept  
  29  2:31  Probe  
  30  2:37  Warp Gate  
  30  2:46  Nexus  
  30  2:52  Probe  
  31  3:04  Probe  
  31  3:05  Oracle (Chrono Boost)  
  32  3:07  Shield Battery  
  35  3:19  Stalker (Chrono Boost)  
  37  3:20  Probe  
  36  3:28  Gateway  
  36  3:33  Probe  
  37  3:47  Pylon  
  37  3:49  Probe  
  37  3:54  Oracle (Chrono Boost)  
  38  4:00  Probe  
  38  4:02  Gateway  
  42  4:08  Probe  
  43  4:12  Probe  
  44  4:20  Probe  
  45  4:24  Probe  
  45  4:26  Stalker x2  
  50  4:32  Probe  
  50  4:36  Probe  
  52  4:40  Phoenix  
  52  4:44  Probe  
  55  4:49  Stalker, Pylon  
  57  5:01  Probe  
  50  5:09  Probe (Chrono Boost)  
  50  5:13  Probe (Chrono Boost), Twilight Council  
  52  5:21  Probe (Chrono Boost)  
  53  5:23  Probe (Chrono Boost), Nexus  
  53  5:26  Probe (Chrono Boost)  
  55  5:28  Probe (Chrono Boost)  
  55  5:32  Assimilator  
  55  5:35  Probe  
  57  5:39  Probe  
  58  5:47  Probe  
  59  5:51  Probe  
  54  5:59  Probe  
  54  6:00  Blink (Chrono Boost)  
  54  6:03  Probe (Chrono Boost)  
  56  6:05  Forge  
  56  6:06  Forge  
  53  6:11  Probe (Chrono Boost)  
  53  6:16  Probe (Chrono Boost)  
  54  6:23  Probe (Chrono Boost)  
  54  6:24  Probe (Chrono Boost), Robotics Facility  
  56  6:27  Probe (Chrono Boost)  
  56  6:30  Probe  
  56  6:31  Protoss Ground Armor Level 1 (Chrono Boost)  
  56  6:32  Stalker x3  
  64  6:34  Pylon  
  64  6:35  Probe  
  64  6:37  Probe  
  66  6:42  Probe, Assimilator  
  67  6:47  Probe  
  67  6:49  Probe  
  67  6:53  Protoss Ground Weapons Level 1 (Chrono Boost)  
  69  6:54  Probe  
  69  7:00  Probe  
  71  7:03  Gateway  
  71  7:04  Sentry x2  
  71  7:06  Probe, Gateway  
  71  7:07  Probe  
  71  7:08  Gateway  
  77  7:13  Gateway  
  75  7:21  Robotics Bay  
  75  7:22  Probe  
  74  7:23  Probe  
  74  7:26  Shield Battery  
  75  7:34  Probe  
  76  7:37  Gateway  
  76  7:38  Immortal, Charge (Chrono Boost)  
  76  7:39  Zealot x3  
  76  7:40  Pylon  
  76  7:42  Pylon  
  86  7:50  Probe  
  87  7:54  Pylon  
  87  7:56  Assimilator  
  87  8:02  Robotics Facility  
  87  8:03  Zealot x6  
  99  8:07  Colossus  
  99  8:09  Pylon  
  99  8:10  Pylon  
  104  8:23  Stalker x2  
  105  8:31  Pylon  
  105  8:36  Probe, Pylon  
  105  8:37  Probe  
  105  8:40  Extended Thermal Lance  
  108  8:41  Probe  
  108  8:48  Zealot x6  
  116  8:51  Sentry  
  120  8:59  Pylon  
  100  9:11  Zealot x7  
  100  9:14  Disruptor  
  92  9:26  Nexus  
  92  9:27  Nexus  
  92  9:29  Sentry  
  91  9:34  Zealot x2  
  95  9:43  Zealot x3  
  101  9:50  Zealot x2  
  103  9:55  Probe x2  
  97  10:07  Probe  
  97  10:08  Zealot x3  
  97  10:10  Zealot  
  97  10:12  Zealot x2  
  97  10:23  Stalker x2, Protoss Ground Armor Level 2 (Chrono Boost)  
  101  10:33  Protoss Ground Weapons Level 2 (Chrono Boost)  
  101  10:37  Sentry  
  101  10:41  Assimilator  
  101  10:43  Assimilator  
  101  10:45  Disruptor x2 (Chrono Boost)  
  103  11:09  Zealot x8  
  118  11:14  Observer (Chrono Boost)  
  119  11:32  Disruptor (Chrono Boost)  
  122  11:33  Nexus  
  122  11:35  Stalker x2  
  122  11:39  Disruptor (Chrono Boost)  
  127  11:44  Photon Cannon  
  127  11:45  Pylon  
  127  11:56  Stalker x4  
  127  12:00  Disruptor  
  137  12:03  Stalker  
  118  12:17  Zealot x2  
  118  12:22  Zealot x3  
Show
View Real Time Build Order
Export as new Build Order

Seither Terran - Winner!

Build Orders:  

Get SALT Encoding   

  12  0:00  SCV  
  13  0:12  SCV  
  14  0:16  Supply Depot  
  14  0:24  SCV  
  14  0:27  Refinery  
  15  0:38  SCV  
  16  0:45  Barracks  
  16  0:50  SCV  
  17  1:02  SCV  
  18  1:14  SCV, Engineering Bay  
  19  1:32  Orbital Command, Marine  
  20  1:38  Factory  
  20  1:49  Supply Depot  
  20  1:52  Barracks Reactor  
  20  1:58  SCV  
  21  2:10  SCV  
  22  2:22  SCV  
  23  2:25  Command Center  
  23  2:34  Hellion  
  23  2:35  Hellion  
  27  2:40  SCV, Supply Depot  
  28  2:47  Starport  
  28  2:52  SCV  
  29  3:00  Hellion  
  29  3:02  Hellion  
  33  3:07  Refinery  
  33  3:09  SCV  
  34  3:21  SCV  
  34  3:24  Widow Mine x2  
  39  3:31  Barracks Tech Lab  
  39  3:36  Medivac  
  39  3:37  SCV, Orbital Command  
  42  3:45  Widow Mine x2  
  46  3:49  SCV  
  47  4:01  SCV  
  47  4:13  Orbital Command  
  46  4:18  Viking  
  46  4:22  SCV, Marine  
  46  4:23  Cyclone, Marine  
  53  4:35  SCV  
  54  4:43  Command Center  
  54  4:47  Supply Depot  
  54  4:59  SCV x2  
  54  5:05  Marine x2  
  54  5:09  Siege Tank  
  54  5:10  Bunker  
  54  5:11  SCV x2  
  49  5:23  SCV x2, Starport Tech Lab  
  49  5:26  Marine x2, Barracks x2  
  53  5:35  Supply Depot  
  53  5:36  SCV x2  
  53  5:41  Engineering Bay  
  54  5:48  SCV x2  
  54  6:00  SCV x2  
  54  6:02  Marine x2  
  54  6:03  Orbital Command  
  57  6:12  SCV x2  
  57  6:17  Terran Infantry Weapons Level 1  
  59  6:23  Refinery  
  59  6:24  SCV x2, Refinery  
  59  6:25  Starport Reactor  
  61  6:29  Stimpack  
  61  6:30  Marauder x2, Marine x2  
  61  6:31  Factory Reactor  
  67  6:36  SCV x2  
  67  6:37  SCV  
  70  6:42  Supply Depot  
  70  6:47  Combat Shield  
  70  6:48  SCV x2  
  70  6:50  SCV  
  70  6:53  Supply Depot  
  73  6:55  Supply Depot, Marauder  
  73  7:00  SCV x2, Marauder, Marine x2  
  81  7:04  Medivac  
  81  7:05  Medivac  
  81  7:07  SCV  
  86  7:12  SCV  
  86  7:13  Orbital Command  
  86  7:18  Marauder  
  86  7:19  Widow Mine x2  
  86  7:22  Marauder  
  94  7:24  Barracks  
  94  7:26  Marine x2  
  96  7:32  SCV x2  
  96  7:33  Barracks  
  96  7:35  Supply Depot  
  98  7:42  SCV  
  99  7:44  SCV x2, Marauder  
  99  7:45  Marauder  
  99  7:47  Marine x2  
  107  7:51  Supply Depot  
  107  7:56  Medivac x2  
  107  7:58  Widow Mine x2  
  115  8:00  SCV  
  115  8:02  SCV, Supply Depot  
  117  8:07  Supply Depot  
  117  8:08  Concussive Shells  
  117  8:13  SCV, Marauder x2  
  117  8:14  Barracks Reactor  
  117  8:19  Terran Infantry Armor Level 1  
  122  8:25  Marine, Barracks Tech Lab  
  122  8:26  Marine  
  124  8:30  SCV x2  
  124  8:31  Supply Depot x2  
  124  8:34  Widow Mine x2  
  130  8:35  SCV, Marauder  
  130  8:37  Refinery  
  130  8:39  Medivac x2  
  137  8:42  SCV x2  
  137  8:44  Refinery  
  137  8:46  Marauder  
  137  8:47  Armory, Marauder  
  141  8:48  Engineering Bay  
  141  8:52  SCV  
  141  8:54  SCV, Supply Depot  
  143  8:57  Marine x2  
  134  9:12  Marine  
  134  9:13  Marauder x2  
  134  9:14  Marine x2  
  134  9:15  Marine  
  132  9:32  Supply Depot x2, Marine x2  
  132  9:33  Marauder  
  132  9:34  Marauder  
  132  9:35  SCV, Starport  
  132  9:36  SCV x2  
  132  9:37  Command Center  
  141  9:45  Viking x2  
  143  9:46  Terran Infantry Weapons Level 2  
  143  9:48  Terran Ship Weapons Level 1  
  143  9:56  Marine  
  143  9:57  Marauder x3  
  141  10:10  Marine  
  141  10:11  Marine  
  130  10:18  Marauder x2  
  130  10:20  Viking x2  
  133  10:21  Marine x2  
  133  10:22  Marauder  
  133  10:25  SCV x2  
  133  10:26  Terran Infantry Armor Level 2  
  136  10:30  Viking  
  136  10:31  Viking  
  136  10:32  Marine x2  
  141  10:39  Marauder  
  141  10:41  Bunker, Missile Turret  
  143  10:48  Marine  
  143  10:49  Marauder x2, Marine  
  149  10:51  Ghost Academy  
  149  10:53  Missile Turret  
  148  11:00  Marine x2  
  149  11:08  Liberator x3  
  158  11:14  Planetary Fortress  
  158  11:17  SCV x2  
  158  11:18  SCV  
  161  11:24  Marine x4  
  161  11:25  Marauder x3  
  169  11:29  SCV x2  
  169  11:30  SCV  
  172  11:38  Refinery x2  
  170  11:45  Marine x4  
  170  11:46  Marauder  
  170  11:47  Marauder x2  
  177  12:02  Marine  
  177  12:06  Barracks  
  177  12:07  Barracks  
  177  12:08  Marauder x3, Barracks  
  176  12:22  Marine x4  
  174  12:29  Marauder x2  
Tags
 
Add a new tag
Caveats
  • Supply blocks, unpowered buildings, or Contaminate may cause inaccurate times.
  • Supply counts are checked every 10 seconds.